AoeStats
← Mordecai

Yucatan

510611600Analyzed
2v2 RM · 2d ago on Oct 1, 2026· 61m 15s· 4 players
Game mode
Random Map
Map size
Medium (4 player)
Population
200
Speed
Normal
Resources
Standard
Victory
Conquest
Starting age
Dark Age
Ending age
Imperial Age
RankedLock teamsTeams togetherTeam positionsShared explorationLock speedFull tech treeHidden civsTurbo modeCheats
Victory
Defeat
🇹🇷 Turks · Türkiye
766
+16
🇹🇷 Teutons · Türkiye
748
+17
🇫🇷 Wei · France
788
-17
🇫🇷 Muisca · France
753
-16
RİGBY
0:28 Loom
12:46 Feudal Age
13:33 Arson
13:43 Gold Mining
13:41 Double-Bit Axe
13:39 Horse Collar
18:06 Stone Mining
21:35 Castle Age
21:05 Forging
20:56 Scale Mail Armor
22:31 Wheelbarrow
22:23 Squires
24:46 Bloodlines
24:45 Heavy Plow
25:39 Bow Saw
26:28 Treadmill Crane
27:09 Ballistics
26:58 Husbandry
27:46 Scale Barding Armor
28:57 Chain Barding Armor
30:03 Iron Casting
29:44 Chain Mail Armor
30:34 Hand Cart
30:50 Fletching
36:16 Bodkin Arrow
40:08 Sipahi
41:22 Gold Shaft Mining
41:07 Fortified Wall
45:01 Imperial Age
45:24 Elite Janissary
46:05 Artillery
46:26 Conscription
46:42 Hoardings
46:38 Heavy Camel Rider
52:57 Two-Man Saw
53:31 Arrowslits
Mordecai
0:27 Loom
12:18 Feudal Age
13:25 Double-Bit Axe
14:20 Horse Collar
15:12 Scale Barding Armor
15:08 Scale Mail Armor
15:27 Forging
22:35 Castle Age
20:39 Stone Mining
21:32 Man-at-Arms
22:43 Bloodlines
22:37 Gold Mining
24:41 Wheelbarrow
24:17 Gambesons
27:06 Squires
28:57 Heavy Plow
29:18 Bow Saw
30:58 Ironclad
34:49 Imperial Age
34:24 Chain Mail Armor
35:17 Stone Shaft Mining
36:10 Conscription
36:26 Hoardings
35:20 Pikeman
39:58 Cavalier
42:16 Iron Casting
42:09 Crenellations
42:43 Crop Rotation
43:16 Two-Man Saw
42:34 Hand Cart
43:20 Plate Mail Armor
43:12 Chain Barding Armor
44:23 Elite Teutonic Knight
46:13 Blast Furnace
50:32 Capped Ram
52:26 Plate Barding Armor
58:30 Paladin
58:46 Heavy Scorpion
59:40 Halberdier
tonin83w
10:39 Feudal Age
14:32 Castle Age
14:00 Double-Bit Axe
22:39 Bow Saw
24:11 Scale Barding Armor
25:04 Forging
25:10 Bloodlines
28:56 Ballistics
29:47 Iron Casting
29:04 Fletching
29:35 Chain Barding Armor
36:59 Imperial Age
34:29 Bodkin Arrow
34:34 Padded Archer Armor
36:56 Loom
36:58 Town Watch
37:33 Leather Archer Armor
37:29 Thumb Ring
38:21 Parthian Tactics
39:28 Gold Mining
41:09 Blast Furnace
40:40 Ring Archer Armor
40:11 Bracer
42:05 Chemistry
41:22 Husbandry
40:43 Heavy Hei Guang Cavalry
41:36 Horse Collar
43:34 Conscription
45:28 Ming Guang Armor
47:58 Wheelbarrow
47:25 Town Patrol
antoine2acorse
11:52 Feudal Age
13:24 Horse Collar
13:34 Double-Bit Axe
21:48 Castle Age
22:13 Stone Mining
22:16 Gold Mining
23:08 Thumb Ring
27:17 Squires
26:38 Pikeman
28:29 Heavy Plow
30:28 Gold Shaft Mining
30:42 Forging
31:13 Bow Saw
31:45 Stone Shaft Mining
32:54 Ballistics
33:55 Thumb Ring
34:25 Squires
35:00 Loom
42:23 Iron Casting
43:19 Scale Mail Armor
43:24 Padded Archer Armor
46:05 Imperial Age
45:49 Chain Mail Armor
45:57 Leather Archer Armor
49:30 Two-Man Saw
50:22 Elite Temple Guard
54:27 Plate Mail Armor
Connection lost

Rejoining the realm…

Still unreachable

The connection could not be restored.

Session expired

The server has moved on; the page needs a fresh start.